AoeStats
← EdadCoñal

Black Forest

509152341Analyzed
2v2 RM · 6d ago on Sep 25, 2026· 51m 51s· 4 players
Game mode
Random Map
Map size
Medium (4 player)
Population
200
Speed
Normal
Resources
Standard
Victory
Conquest
Starting age
Dark Age
Ending age
Imperial Age
RankedLock teamsTeams togetherTeam positionsShared explorationLock speedFull tech treeHidden civsTurbo modeCheats
Victory
Defeat
🇩🇪 Inca · Germany
704
+18
🇫🇷 Franks · France
682
+19
🇪🇸 Danes · Spain
766
-19
🇪🇸 Vikings · Spain
729
-18
ludachrist1
12:02 Feudal Age
19:26 Castle Age
17:51 Horse Collar
18:00 Double-Bit Axe
18:39 Gold Mining
29:22 Imperial Age
27:43 Heavy Plow
27:56 Bow Saw
28:12 Ballistics
29:51 Wheelbarrow
29:55 Gold Shaft Mining
30:27 Conscription
29:36 Pikeman
29:40 Crossbowman
30:12 Capped Ram
31:04 Thumb Ring
30:49 Elite Skirmisher
31:38 Halberdier
33:19 Squires
33:04 Arson
34:32 Padded Archer Armor
35:24 Heavy Scorpion
37:52 Chemistry
36:20 Elite Kamayuk
38:50 Leather Archer Armor
38:25 Fletching
38:46 Forging
38:36 Scale Mail Armor
38:18 Arbalester
42:04 Caravan
46:28 Fabric Shields
46:31 Andean Sling
46:01 Siege Ram
46:07 Champi Runner
47:30 Crop Rotation
51:30 Ring Archer Armor
50:56 Bodkin Arrow
51:37 Iron Casting
51:17 Chain Mail Armor
50:59 Champi Warrior
ncatrix
14:25 Feudal Age
15:55 Double-Bit Axe
17:15 Wheelbarrow
19:24 Gold Mining
19:29 Stone Mining
20:19 Loom
23:39 Castle Age
22:24 Scale Barding Armor
23:29 Forging
24:59 Hand Cart
25:25 Caravan
27:58 Gold Shaft Mining
27:28 Husbandry
33:29 Coinage
34:20 Bow Saw
36:54 Imperial Age
36:29 Fortified Wall
36:26 Siphons
36:02 Treadmill Crane
36:40 Masonry
37:03 Cavalier
37:11 Heavy Scorpion
39:45 Chain Barding Armor
42:51 Chemistry
41:57 Siphons
43:02 Arrowslits
43:39 Ballistics
46:25 Chivalry
45:46 Ordonnance Companies
45:47 Elite Throwing Axeman
48:59 Paladin
La Polla Persa
16:56 Feudal Age
19:31 Horse Collar
21:36 Gold Mining
21:37 Double-Bit Axe
25:53 Stone Mining
29:04 Castle Age
33:45 Gold Shaft Mining
33:24 Bow Saw
36:13 Imperial Age
37:36 Man-at-Arms
51:04 Town Watch
EdadCoñal
10:51 Loom
13:11 Feudal Age
14:39 Horse Collar
18:54 Castle Age
18:03 Double-Bit Axe
18:12 Gold Mining
18:39 Stone Mining
28:06 Wheelbarrow
28:26 Town Watch
28:47 Heavy Plow
34:49 Imperial Age
32:51 Squires
32:42 Gambesons
32:45 Arson
33:51 Caravan
34:16 Scale Mail Armor
36:01 Conscription
35:18 Hamask
36:55 Forging
37:01 Chain Mail Armor
40:41 Elite Jomsviking
43:07 Iron Casting
43:04 Plate Mail Armor
43:28 Onager
45:15 Siege Onager
51:02 Elite Varangian Guard
Connection lost

Rejoining the realm…

Still unreachable

The connection could not be restored.

Session expired

The server has moved on; the page needs a fresh start.